 Dungeon Crawl Stone Soup version 0.29-a0-234-g0dae59b3db (webtiles) character file.

Game seed: 13527506501965020230

20 domi the Magician (level 2, -2/19 HPs)
             Began as a Demonspawn Hedge Wizard on Mar 2, 2022.
             Slain by an adder (3 damage)
             ... on level 2 of the Dungeon.
             The game lasted 00:01:53 (1270 turns).

domi the Magician (Demonspawn Hedge Wizard)         Turns: 1270, Time: 00:01:53

Health: -2/19      AC:  2    Str: 10    XL:     2   Next: 58%
Magic:  1/6        EV: 12    Int: 15    God:
Gold:   36         SH:  0    Dex: 12    Spells: 6/7 levels left

rFire   . . .      SeeInvis .   a - +0 dagger
rCold   . . .      Faith    .   (no shield)
rNeg    . . .      Spirit   .   b - +0 robe
rPois   .          Reflect  .   c - +0 hat
rElec   .          Harm     .   (no cloak)
rCorr   .          Rampage  .   (no gloves)
Will    .....                   (no boots)
Stlth   ++........              (no amulet)
HPRegen 0.06/turn               (no ring)
MPRegen 0.20/turn               (no ring)

@: very slightly contaminated
A: magic regeneration
a: no special abilities


You were on level 2 of the Dungeon.
You visited 1 branch of the dungeon, and saw 2 of its levels.

You collected 36 gold pieces.

Inventory:

Hand Weapons
 a - a +0 dagger (weapon)
Missiles
 d - 3 boomerangs (quivered)
Armour
 b - a +0 robe (worn)
 c - a +0 hat (worn)
Magical Staves
 g - a staff of cold {rC+}
   (You found it on level 1 of the Dungeon)
Scrolls
 e - 3 scrolls of teleportation {unknown}
 f - a scroll of identify {unknown}
Potions
 h - 2 potions of haste {unknown}
 i - a potion of curing {unknown}
 j - a potion of cancellation {unknown}


   Skills:
 - Level 1.7 Dodging
 - Level 1.7 Stealth
 + Level 3.2 Spellcasting
 * Level 2.2 Conjurations
 - Level 1.0 Summonings
 - Level 0.8 Translocations


You had 6 spell levels left.
You knew the following spells:

 Your Spells              Type           Power      Damage    Failure   Level
z - Magic Dart            Conj           36%        1d4       8%          1

Your spell library contained the following spells:

 Spells                   Type           Power      Damage    Failure   Level
 Slow                     Hex            8%         N/A       21%         1
 Blink                    Tloc           10%        N/A       21%         2
 Call Imp                 Summ           5%         N/A       21%         2
 Conjure Flame            Conj/Fire      5%         6-21      36%         3
 Mephitic Cloud           Conj/Pois/Air  4%         N/A       41%         3


Dungeon Overview and Level Annotations

Branches:
Dungeon (2/15)

Altars:


Innate Abilities, Weirdness & Mutations

You regenerate magic rapidly.


Message History

You kill the endoplasm!
You can't see any susceptible monsters within range! (Use Z to cast anyway.)
You now have 4/6 mp.
You can't see any susceptible monsters within range! (Use Z to cast anyway.)
You can't see any susceptible monsters within range! (Use Z to cast anyway.) Unknown command.
You now have 36 gold pieces (gained 6).
A rat comes into view.
MP restored: 6 A rat is nearby!
A rat is nearby!
A rat is nearby!
Aim: a rat (asleep, 100% to hit)
You miscast Magic Dart.
You are very lightly contaminated with residual magic.
Nothing appears to happen.
You now have 5/6 mp.
Aim: a rat (asleep, 100% to hit)
The magic dart hits the rat.
Aim: a rat (severely wounded, 100% to hit)
The magic dart hits the rat.
You kill the rat!
You now have 3/6 mp.
You can't see any susceptible monsters within range! (Use Z to cast anyway.) (Key replay stole keys) Unknown command.
Your magical contamination has completely faded away.
e - 3 scrolls labelled TUGOMU HOUSEWN (gained 1)
You enter the shallow water.
Moving in this stuff is going to be slow.
You enter the shallow water.
Moving in this stuff is going to be slow.
Done exploring.
MP restored: 6 Done exploring.
Done exploring.
Done exploring.
Done exploring.
Done exploring.
(D) Dungeon
Where to? (? - help)
You enter the shallow water.
Moving in this stuff is going to be slow.
There is a stone staircase leading down here.
You climb downwards.
There is a stone staircase leading up here.
An adder comes into view.
An adder is nearby!
An adder is nearby!
An adder is nearby!
Aim: an adder (asleep, 100% to hit)
The magic dart hits the adder.
You now have 5/6 mp.
Aim: an adder (lightly wounded, 100% to hit)
You miscast Magic Dart.
You are very lightly contaminated with residual magic.
Nothing appears to happen.
Aim: an adder (lightly wounded, 100% to hit)
The magic dart hits the adder.
You now have 3/6 mp.
Aim: an adder (moderately wounded, 100% to hit)
The magic dart hits the adder.
The adder barely misses you. The adder bites you.
Aim: an adder (severely wounded, 100% to hit)
The magic dart hits the adder.
The adder bites you.
You take 6 damage, and have 13/19 hp.
MASSIVE DAMAGE!!
You now have 2/6 mp.
Aim: an adder (severely wounded, 100% to hit)
You miscast Magic Dart.
Nothing appears to happen.
The adder bites you.
You are poisoned.
The adder poisons you!
You take 1 damage, and have 12/19 hp.
You now have 1/6 mp.
Aim: an adder (severely wounded, 100% to hit)
The magic dart hits the adder.
You feel sick. The adder misses you. The adder barely misses you.
You take 2 damage, and have 10/19 hp.
You now have 0/6 mp.
You don't have enough magic to cast this spell.
You don't have enough magic to cast this spell.
Unknown command.
You hit the adder.
You feel sick. The adder bites you but does no damage.
You take 1 damage, and have 9/19 hp.
You miss the adder.
You feel sick. The adder bites you but does no damage.
You take 1 damage, and have 8/19 hp.
You completely miss the adder.
You feel sick. The adder closely misses you. x2
You take 1 damage, and have 7/19 hp.
You hit the adder but do no damage.
You feel sick. The adder completely misses you.
You take 1 damage, and have 6/19 hp.
You closely miss the adder.
You feel sick. The adder misses you.
You take 1 damage, and have 5/19 hp.
You miss the adder.
You feel sick.
You are no longer poisoned.
The adder barely misses you.
You take 1 damage, and have 4/19 hp.
You closely miss the adder. The adder bites you.
* * * LOW HITPOINT WARNING * * *
The adder bites you.
You die...

###### ....#
###...###
###.......#
..........#####
#.....S......
#..@# #...#
##.## #.# #.#
#.#
##########.#
#..........#
#.##########


You could see an adder.

Vanquished Creatures
  2 dart slugs (D:1)
  3 ball pythons (D:1)
  An endoplasm (D:1)
  A giant cockroach (D:1)
  A hobgoblin (D:1)
  3 bats (D:1)
  4 kobolds (D:1)
  2 rats (D:1)
17 creatures vanquished.

Notes
Turn   | Place    | Note
-------+----------+-------------------------------------------
     0 | D:1      | domi the Demonspawn Hedge Wizard began the quest for the
                  | Orb.
     0 | D:1      | Reached XP level 1. HP: 13/13 MP: 4/4
   471 | D:1      | Gained mutation: You regenerate magic rapidly. [demonic
                  | ancestry]
   471 | D:1      | Reached XP level 2. HP: 19/19 MP: 4/6
   493 | D:1      | Found a faded altar of an unknown god.
   677 | D:1      | Reached skill level 2 in Conjurations
  1269 | D:2      | HP: 4/19 [poisoned by an adder]
  1270 | D:2      | HP: 1/19 [adder (3)]
  1270 | D:2      | Slain by an adder

Illustrated notes

Levels and vault maps discovered:
D:1:      psy_arrival_radial02, layout_basic, basic_ecumenical_altar
D:2:      layout_loops_ring, uniq_sigmund, uniq_natasha

Skill      XL: |  1  2 |
---------------+-------+-----
Conjurations   | 2 |  2.2
Dodging        | |  1.7
Stealth        | |  1.7
Spellcasting   | |  3.2
Summonings     | |  1.0
Translocations | |  0.8

Action                   || total
-------------------------++-------
Melee: Dagger            ||    21
Throw: Boomerang         ||     3
 Cast: Magic Dart        ||    43
Armor: Robe              ||     3
Dodge: Dodged            ||    21

Table legend: (Time is in decaauts)
 A = Elapsed time spent in this place.
 B = Non-inter-level travel time spent in this place.
 C = Inter-level travel time spent in this place.
 D = Time resting spent in this place.
 E = Time spent auto-exploring this place.
 F = Levels seen in this place.
 G = Mean time per level.
                   A        B        C        D        E       F      G
               +--------+--------+--------+--------+--------+-----+--------+
         Total |   1277 |   1255 |     22 |    187 |    941 |   2 |  638.5 |
       Dungeon |   1277 |   1255 |     22 |    187 |    941 |   2 |  638.5 |
               +--------+--------+--------+--------+--------+-----+--------+

Top non-repeatable levels by time:
     D:1: 1242 daAuts
     D:2: 34 daAuts

Table legend:
 A = Kills in this place as a percentage of kills in entire the game.
 B = Kills by you in this place as a percentage of kills by you in the entire game.
 C = Kills by friends in this place as a percentage of kills by friends in the entire game.
 D = Other kills in this place as a percentage of other kills in the entire game.
 E = Experience gained in this place as a percentage of experience gained in the entire game.
 F = Experience gained in this place divided by the number of levels of this place that you have seen.
                   A       B       C       D       E      F
               +-------+-------+-------+-------+-------+----------------------
         Total | 100.0 | 100.0 |   N/A |   N/A | 100.0 |  14.5
       Dungeon | 100.0 | 100.0 |   N/A |   N/A | 100.0 |  14.5
               +-------+-------+-------+-------+-------+----------------------
